 Dungeon Crawl Stone Soup version 0.23-a0-612-gcb482e9 (webtiles) character file.

310 Borgoz the Skirmisher (level 6, -3/53 HPs)
             Began as a Ghoul Abyssal Knight on Dec 22, 2018.
             Was a Priest of Lugonu.
             Killed from afar by Defined's ghost (13 damage)
             ... with a flame tongue
             ... on level 4 of the Dungeon.
             The game lasted 00:06:31 (3231 turns).

Borgoz the Skirmisher (Ghoul Abyssal Knight)        Turns: 3231, Time: 00:06:32

Health: -3/53      AC:  6    Str: 15 (16) XL:     6   Next: 41%
Magic:  7/7        EV: 10    Int:  5 (7)  God:    Lugonu [***...]
Gold:   264        SH:  0    Dex:  7 (10) Spells: 5/5 levels left

rFire    . . .     SeeInvis .   b - +1 whip (venom)
rCold    + . .     Gourm    .   (no shield)
rNeg     + + +     Faith    .   l - +0 scale mail
rPois    ∞         Spirit   .   (no helmet)
rElec    .         Reflect  .   (no cloak)
rCorr    .         Harm     .   (no gloves)
MR       +....                  (no boots)
Stlth    ..........             (no amulet)
HPRegen  0.00/turn              t - ring of protection from magic
MPRegen  0.10/turn              (no ring)

@: flying, rotting
A: rotting body, claws 1, carnivore, cold resistance 1, negative energy
resistance 3, inhibited regeneration, torment resistance, unbreathing
a: Depart the Abyss, Bend Space, Banish, Renounce Religion


You were on level 4 of the Dungeon.
You worshipped Lugonu.
Lugonu was most pleased with you.
You were not hungry.

You visited 2 branches of the dungeon, and saw 5 of its levels.
You visited the Abyss 1 time.

You collected 264 gold pieces.

Inventory:

Hand Weapons
 a - a +1 hand axe
 b - a +1 whip of venom (weapon)
Armour
 l - a +0 scale mail (worn)
Jewellery
 t - a ring of protection from magic (left claw)
Scrolls
 d - 3 scrolls of remove curse {unknown}
 f - a scroll of enchant armour {unknown}
 g - a scroll of enchant weapon {unknown}
 i - 2 scrolls of identify
 m - 3 scrolls of teleportation {unknown}
 n - 3 scrolls of fear {unknown}
 o - 2 scrolls of fog {unknown}
 p - a scroll of magic mapping {unknown}
Potions
 e - 3 potions of brilliance
 h - a potion of haste
 k - 2 potions of curing
Comestibles
 c - 15 rations


   Skills:
 + Level 4.5 Fighting
 + Level 3.0 Axes
 + Level 3.0 Armour
 + Level 2.5 Dodging
 + Level 3.5 Invocations


You had 5 spell levels left.
You didn't know any spells.
Your spell library was empty.

Dungeon Overview and Level Annotations

Branches:
Dungeon (4/15)             Temple (1/1) D:4

Altars:
Ashenzari
Cheibriados
Dithmenos
Elyvilon
Fedhas
Gozag
Hepliaklqana
Kikubaaqudgha
Makhleb
Nemelex Xobeh
Okawaru
Qazlal
Ru
Sif Muna
Trog
Uskayaw
Vehumet
Wu Jian
Xom
Yredelemnul
Zin
The Shining One

Annotations:
D:4 Defined's ghost, amateur DrFE


Innate Abilities, Weirdness & Mutations

Your body is rotting away.
You thrive on raw meat.
You are immune to poison.
You have sharp fingernails.
You are carnivorous and can eat meat at any time.
Your flesh is cold resistant. (rC+)
You are immune to negative energy. (rN+++)
You do not regenerate when monsters are visible.
You are immune to unholy pain and torment.
You can survive without breathing.


Message History

Defined's ghost hits you but does no damage.
You closely miss Defined's ghost. Defined's ghost hits you.
You hit Defined's ghost but do no damage.
Defined's ghost hits you.
You hit Defined's ghost.
Defined's ghost is lightly damaged.
Defined's ghost hits you but does no damage.
You closely miss Defined's ghost.
Defined's ghost is lightly damaged.
Defined's ghost casts a spell at you. The flame tongue hits you!
You hit Defined's ghost but do no damage.
Defined's ghost is lightly damaged.
Defined's ghost hits you.
Defined's ghost points at you and mumbles some strange words.
The flame tongue hits you!
* * * LOW HITPOINT WARNING * * *
Defined's ghost gestures at you while chanting.
The flame tongue hits you!
You die...

####...##.##..#.#.##......##.....
.##...(..........................
.......#.####...#.##.#.##........
##.#.#....†......................
#..#########.#.#..##.#.##........
..## ≈!≈≈≈≈'.#.#.......##........
### #######.#.##W..#####........
##..#.##...## #........
##....@....# ######.##
##........# #(## #####........#
####... #............######.....#
#...................#####
#<........[.#########
#...........# #...........#
#..........##


You could see Defined's ghost.

Vanquished Creatures
  An ogre (D:3)
  An orc wizard (D:3)
  A worker ant (D:4)
  A hound skeleton (D:4)
  6 adders
  A howler monkey skeleton (D:4)
  3 worms
  3 dart slugs (D:1)
  3 leopard geckos
  4 orcs
  10 bats
  4 giant cockroaches (D:2)
  8 goblins
  8 hobgoblins
  9 kobolds
  A quokka (D:3)
  3 frilled lizards
  A jackal skeleton (D:4)
  17 rats
85 creatures vanquished.

Notes
Turn   | Place    | Note
-------+----------+-------------------------------------------
     0 | Abyss:1  | Borgoz the Ghoul Abyssal Knight began the quest for the
                  | Orb.
     0 | Abyss:1  | Reached XP level 1. HP: 19/19 MP: 1/1
    78 | Abyss:1  | Noticed a small abomination
    79 | D:1      | Escaped the Abyss
   112 | D:1      | Reached skill level 1 in Dodging
   131 | D:1      | Reached * piety under Lugonu
   131 | D:1      | Reached XP level 2. HP: 24/26 MP: 2/2
   377 | D:1      | Reached XP level 3. HP: 20/31 MP: 3/3
  1040 | D:2      | Reached ** piety under Lugonu
  1357 | D:3      | Reached XP level 4. HP: 33/40 MP: 4/4
  1689 | D:3      | Reached skill level 4 in Fighting
  1994 | D:3      | Found a sacrificial altar of Ru.
  2001 | D:3      | Reached XP level 5. HP: 40/46 MP: 6/6
  2111 | D:3      | Reached *** piety under Lugonu
  2381 | D:4      | Noticed an ogre
  2411 | D:3      | Killed an ogre
  2411 | D:3      | Reached XP level 6. HP: 33/53 MP: 7/7
  2555 | D:4      | Found a runed door.
  2556 | D:4      | Noticed Defined's ghost (amateur DrFE)
  2732 | D:4      | Found a staircase to the Ecumenical Temple.
  2741 | Temple   | Entered the Ecumenical Temple
  3100 | D:4      | Found an ancient bone altar of Kikubaaqudgha.
  3231 | D:4      | Killed from afar by Defined's ghost

Vault maps used:
D:1:      psy_arrival_fountain, dk_noncrumbling_4
D:2:      first_ration
D:3:      nicolae_ru_great_annihilating_truth
D:4:      lemuel_doored_altar, lemuel_temple_firewalk_b, ebering_ghost_sewer_d
Temple:   roderic_octagonal_lattice_temple
Abyss:1:  hangedman_abyss_or_decor_stabs

Skill      XL: |  1  2  3  4  5  6 |
---------------+-------------------+-----
Dodging        | 1 2 |  2.5
Armour         | 2 3 |  3.0
Axes           | 2 3 |  3.0
Fighting       | 4 |  4.5
Invocations    | 3 |  3.5

Action                   |  1- 3 |  4- 6 || total
-------------------------+-------+-------++-------
Melee: Hand axe          |   130 |       ||   130
       Whip              |     4 |   200 ||   204
Invok: Depart the Abyss  |     1 |       ||     1
  Use: Scroll            |       |     6 ||     6
       Potion            |       |     4 ||     4
 Stab: Paralysed         |       |     1 ||     1
  Eat: Chunk             |    10 |     7 ||    17
Armor: Leather armour    |    12 |       ||    12
       Troll leather arm |    22 |    51 ||    73
       Scale mail        |       |    28 ||    28
Dodge: Dodged            |    89 |   150 ||   239

Table legend:
 A = Non-vault XP
 B = Vault XP
 C = Vault XP percentage of total XP
 D = Non-vault monster count
 E = Vault monster count
 F = Vault count percentage of total count
                 A         B        C        D         E       F
            +---------+---------+-------+---------+---------+-------
      Total |     371 |      72 |  16.3 |      79 |       6 |   7.1
            +---------+---------+-------+---------+---------+-------
        D:1 |      52 |       0 |   0.0 |      28 |       0 |   0.0
        D:2 |      29 |       0 |   0.0 |      15 |       0 |   0.0
        D:3 |     221 |      45 |  16.9 |      32 |       4 |  11.1
        D:4 |      69 |      27 |  28.1 |       4 |       2 |  33.3
            +---------+---------+-------+---------+---------+-------
